 Dungeon Crawl Stone Soup version 0.31.0-11-ge490571c62 (webtiles) character file.

Game seed: 7036769672006454217

115814 shadowrider38 the Unseen (level 16, -1/88 HPs)
             Began as a Spriggan Enchanter on Feb 4, 2024.
             Was a High Priest of Ashenzari.
             Slain by a torpor snail (10 damage)
             ... on level 2 of the Spider Nest.
             The game lasted 00:47:25 (34039 turns).

shadowrider38 the Unseen (Spriggan Enchanter)      Turns: 34039, Time: 00:47:25

Health: -1/88      AC: 12    Str:  4    XL:     16   Next: 19%
Magic:  0/36       EV: 33    Int: 23    God:    Ashenzari [*****.]
Gold:   1469       SH:  8    Dex: 22    Spells: 12/45 levels left

rFire   . . .        a - +4 rapier (protect)
rCold   . . .        X - +1 buckler "Shattered Together" {^Contam rElec Int+3, Bglg, Cun} (curse)
rNeg    . . .        v - +3 robe of Clouds {*Thunder rCloud rElec, Sorc, Elem} (curse)
rPois   +            C - +3 crown of Dyrovepreva {rElec Int+2 SInv, Cun, Fort} (curse)
rElec   +            S - scarf "Omniscient Secrets" {repulsion, Dev, Sorc} (curse)
rCorr   .            (gloves unavailable)
SInv    +            (boots unavailable)
Will    ++...        y - amulet of the Eternal Servitude {Spirit, Bglg, Self} (curse)
Stlth   ++++++++     o - ring "Eternal Relativism" {rPois, Bglg, Cun} (curse)
HPRegen 0.34/turn    x - ring of the Fated Shame {AC+4, Self, Comp} (curse)
MPRegen 0.25/turn

%: repel missiles, clarity, guardian spirit
@: slowed, quick
A: very small, no large weapons, unfitting armour, see invisible, speed 3
a: Renounce Religion, Curse Item, Shatter the Chains


You were on level 2 of the Spider Nest.
You worshipped Ashenzari.
Ashenzari was extremely pleased with you.
You visited 4 branches of the dungeon, and saw 24 of its levels.
You also visited: Ossuary and Ice Cave.

You collected 2274 gold pieces.
You spent 805 gold pieces at shops.

Inventory:

Hand Weapons
 a - a +4 rapier of protection (weapon)
 b - a +4 scimitar of freezing
Missiles
 t - 5 boomerangs
 F - 3 curare-tipped darts
 J - 6 atropa-tipped darts
 Z - a throwing net
Armour
 v - the cursed +3 robe of Clouds (worn) {*Thunder rCloud rElec, Sorc, Elem}
   (You acquired it on level 4 of the Dungeon)

   *Thunder:  It occasionally creates storm clouds above nearby enemies.
   rCloud:    It grants its wearer immunity to clouds.
   rElec:     It insulates you from electricity.
   It has a curse which improves the following skills: Sorcery: Conjurations and
   Alchemy.
   Elements:  Fire Magic, Ice Magic, Air Magic and Earth Magic.
 C - the cursed +3 crown of Dyrovepreva (worn) {rElec Int+2 SInv, Cun, Fort}
   (You bought it in a shop on level 5 of the Dungeon)

   Int+2:     It affects your intelligence (+2).
   rElec:     It insulates you from electricity.
   SInv:      It lets you see invisible.
   It has a curse which improves the following skills: Cunning: Dodging and
   Stealth.
   Fortitude: Armour and Shields.
 O - the +1 robe of Hyoddi {rC++}
   (You took it off an orc on level 8 of the Dungeon)

   rC++:      It greatly protects you from cold.
 S - the cursed scarf "Omniscient Secrets" (worn) {repulsion, Dev, Sorc}
   (You found it on level 8 of the Dungeon)

   It has a curse which improves the following skills: Devices: Evocations and
   Shapeshifting.
   Sorcery:   Conjurations and Alchemy.
 X - the cursed +1 buckler "Shattered Together" (worn) {^Contam rElec Int+3, Bglg, Cun}
   (You acquired it on level 4 of the Dungeon)

   Int+3:     It affects your intelligence (+3).
   rElec:     It insulates you from electricity.
   ^Contam:   It causes magical contamination when unequipped.
   It has a curse which improves the following skills: Beguiling: Hexes and
   Translocations.
   Cunning:   Dodging and Stealth.
Magical Staves
 d - a staff of air
Jewellery
 f - a ring of protection from fire
 o - the cursed ring "Eternal Relativism" (left hand) {rPois, Bglg, Cun}
   (You found it on level 5 of the Lair of Beasts)

   [ring of poison resistance]

   rPois:     It protects you from poison It has a curse which improves the
   following skills: Beguiling: Hexes and Translocations.
   Cunning:   Dodging and Stealth.
 x - the cursed ring of the Fated Shame (right hand) {AC+4, Self, Comp}
   (You found it on level 4 of the Dungeon)

   [ring of protection]

   AC+4:      It affects your AC (+4).
   It has a curse which improves the following skills: Introspection: Fighting
   and Spellcasting.
   Companions: Summonings and Necromancy.
 y - the cursed amulet of the Eternal Servitude (around neck) {Spirit, Bglg, Self}
   (You found it on level 10 of the Dungeon)

   [amulet of guardian spirit]

   Spirit:    It causes incoming damage to be divided between your reserves of
   health and magic.
   It has a curse which improves the following skills: Beguiling: Hexes and
   Translocations.
   Introspection: Fighting and Spellcasting.
 K - a ring of ice
Wands
 p - a wand of quicksilver (8)
 s - a wand of polymorph (10)
 z - a wand of mindburst (17)
 D - a wand of digging (8)
 E - a wand of charming (17)
 I - a wand of iceblast (20)
 V - a wand of flame (55)
Scrolls
 g - 5 scrolls of fear
 h - 3 scrolls of fog
 i - 6 scrolls of immolation
 j - 2 scrolls of amnesia
 l - a scroll of torment
 m - 4 scrolls of revelation
 n - 2 scrolls of poison
 w - a scroll of vulnerability
 A - a scroll of butterflies
 B - 3 scrolls of blinking
 M - 4 scrolls of noise
 N - a scroll of acquirement
 T - 8 scrolls of teleportation
 Y - 5 scrolls of enchant armour
Potions
 c - 7 potions of invisibility
 e - 2 potions of magic
 k - 2 potions of heal wounds
 q - 4 potions of lignification
 r - 3 potions of mutation
 u - 3 potions of brilliance
 G - 3 potions of might
 H - a potion of haste
 L - 4 potions of resistance
 P - a potion of berserk rage
 Q - 12 potions of curing
 R - a potion of cancellation
 U - 2 potions of enlightenment
 W - 3 potions of attraction


   Skills:
 - Level 8.8(12.0) Fighting
 - Level 14.0 Short Blades
 + Level 12.8(16.9) Dodging
 + Level 17.8(21.7) Stealth
 - Level 4.2(6.2) Shields
 - Level 11.9(15.0) Spellcasting
 - Level 4.0(6.8) Conjurations
 - Level 17.0(21.0) Hexes
 - Level 4.0(6.0) Air Magic
 + Level 1.0(2.2) Earth Magic
 - Level 3.8(6.6) Alchemy
 - Level 6.0(8.2) Evocations


You had 12 spell levels left.
You knew the following spells:

 Your Spells              Type           Power      Damage    Failure   Level
a - Ensorcelled Hibernat  Hex/Ice        100%       N/A       1%          2
b - Dazzling Flash        Conj/Hex       100%       N/A       1%          3
c - Silence               Hex/Air        34%        N/A       1%          5
d - Enfeeble              Hex            42%        N/A       1%          7
e - Cause Fear            Hex            42%        N/A       0%          4
f - Passwall              Erth           27%        N/A       7%          3
m - Mephitic Cloud        Conj/Alch/Air  47%        N/A       1%          3
t - Tukima's Dance        Hex            85%        N/A       0%          3
x - Confusing Touch       Hex            85%        N/A       0%          3

Your spell library contained the following spells:

 Spells                   Type           Power      Damage    Failure   Level
 Slow                     Hex            100%       N/A       0%          1
 Sigil of Binding         Hex            85%        N/A       0%          3
 Foxfire                  Conj/Fire      100%       2x1d9     1%          1
 Anguish                  Hex/Necr       30%        N/A       1%          4
 Call Canine Familiar     Summ           18%        N/A       16%         3
 Ozocubu's Armour         Ice            18%        N/A       16%         3
 Vampiric Draining        Necr           18%        2d7       16%         3
 Summon Blazeheart Golem  Fire/Summ      18%        N/A       45%         4
 Curse of Agony           Necr           18%        N/A       82%         5
 Starburst                Conj/Fire      16%        6d6       90%         6
 Plasma Beam              Fire/Air       15%        2x1d27    94%         6
 Orb of Destruction       Conj           24%        9d9       96%         7
 Spellforged Servitor     Conj/Summ      16%        N/A       100%        7
 Chain Lightning          Conj/Air       23%        3d31      100%        9
 Fire Storm               Conj/Fire      16%        8d4       100%        9
 Shatter                  Erth           13%        3d14*     100%        9


Dungeon Overview and Level Annotations

Branches:
Dungeon (15/15) Zot: 25932  Temple (0/1) D:6            Lair (5/5) D:11 Zot: 23532
 Shoals (0/4) Lair:2       Spider (2/4) Lair:3 Zot: 10301   Slime (0/5) Lair:4
    Orc (2/2) D:10 Zot: 10428     Elf (0/3) Orc:2        Vaults (0/5) D:13
 Depths (0/4) D:15        Ossuary (visited)           IceCv (visited)

Altars:
Ashenzari
Cheibriados
Kikubaaqudgha
Okawaru
Qazlal
Ru
Sif Muna
Xom
Yredelemnul
Zin
Jiyva

Shops:
D:4 *[   D:5 [*   Orc:2 (*?:

Annotations:
D:4 exclusions: endoplasm, hound, quokka and ufetubus
Lair:3 exclusion: downstairs
Lair:4 1 runed translucent door, exclusion: 2 downstairs, Vadun's ghost, journeyman TrBe
Spider:1 exclusion: downstairs


Innate Abilities, Weirdness & Mutations

You are very small and have problems with some larger weapons.
You are too small for most types of armour.
You have supernaturally acute eyesight. (SInv)
You cover ground extremely quickly. (Speed+++)


Message History

Casting: Dazzling Flash (safe; 1% risk of failure)
Confirm with . or Enter, or press ? or * to list all spells.
The spark wasp is dazzled.
The demonic crawler gives a hideous shriek!
The pharaoh ant is engulfed in a thunderstorm.
The pharaoh ant completely misses you. You block the jumping spider's attack.
The jumping spider misses you. You block the spark wasp's attack.
The culicivora barely misses you.
The pharaoh ant is engulfed in a thunderstorm.
You destroy the pharaoh ant!
The pharaoh ant binds the souls of nearby monsters.
The spark wasp misses you. The culicivora completely misses you.
Unknown command.
Storm clouds gather above the culicivora.
The culicivora is engulfed in a thunderstorm.
The culicivora barely misses you.
A moth of wrath comes into view.
Unknown command.
Casting: Dazzling Flash (safe; 1% risk of failure)
Confirm with . or Enter, or press ? or * to list all spells.
The moth of wrath looks frightened!
The moth of wrath's fur bristles in rage as it notices you.
The spark wasp looks frightened!
The jumping spider looks frightened!
The demonic crawler looks frightened!
The torpor snail resists with some effort.
The jumping spider looks frightened!
The culicivora looks frightened!
The jumping spider leaps!
The culicivora is engulfed in a thunderstorm.
You kill the culicivora!
A freezing mist starts to gather...
The jumping spider completely misses you. x2
The jumping spider leaps!
Your base Earth Magic skill increases to level 1!
A culicivora simulacrum comes into view.
Unknown command.
Unknown command.
The jumping spider leaps!
The torpor snail completely misses you.
There is a stone staircase leading up here.
Unknown command.
The spark wasp is no longer blind.
The jumping spider is no longer blind.
The jumping spider closely misses you. x2; The jumping spider leaps!
The culicivora simulacrum bites you!
* * * LOW HITPOINT WARNING * * *
The culicivora simulacrum freezes you!
* * * LOW HITPOINT WARNING * * *
The jumping spider closely misses you.
The jumping spider completely misses you.
The culicivora simulacrum completely misses you.
The torpor snail bites you!
You die...

,,,,,,,*,,,,**** #<...#.
,,......#......##**#.*....
,,......#.......s^##s○s...
,,,......#.............○○..
,**.##............○.........
,,^..^....................s.
,.,.........^...............
,..*#^..#.........^...B.....
,...###...Z@w....s.......###
,,#.......s§................
,.#..°..s..............#..s.
,.......$...................
,...........#.......#....{..
^...........#..........†w...
,...........#.........°.#...
,...........#...............
,.#.........#,,.............


You could see a torpor snail (soul bound), a demonic crawler (fleeing), 3
jumping spiders and a culicivora simulacrum.

Vanquished Creatures
  Asterion (Spider:1)
  Aizul (Spider:1)
  The ghost of KKCryptic the Thaumaturge, an adept DjIE of Makhleb (Spider:1)
  An ironbound preserver (D:13)
  A broodmother (Spider:1)
  A very ugly thing (D:15)
  A stone giant (Orc:2)
  A dire elephant (Lair:5)
  2 entropy weavers
  A great orb of eyes (D:15)
  3 hydras
  Fannar (Lair:1)
  3 ogre magi
  3 catoblepae
  A merfolk avatar (Lair:5)
  2 boulder beetles
  11 two-headed ogres
  9 centaur warriors
  4 death yaks (Lair:1)
  3 tengu warriors
  2 skysharks
  3 pharaoh ants
  8 skeletal warriors
  4 sea snakes (Lair:5)
  2 deep trolls (Orc:2)
  An orb spider (Spider:1)
  A steelbarb worm (Spider:1)
  2 deep elf pyromancers
  An orc knight (Orc:2)
  A harpy (Lair:5)
  2 orc sorcerers (Orc:2)
  4 cyclopes
  8 ugly things
  3 wolf spiders (Spider:1)
  6 manticores
  2 kobold blastminers (Orc:1)
  A moth of wrath (Spider:1)
  3 meliai (D:14)
  7 elephants
  7 black mambas
  2 gargoyles (D:11)
  4 torpor snails
  8 cane toads
  2 unseen horrors
  3 komodo dragons
  An unseen horror (shapeshifter) (D:15)
  4 efreet
  9 rime drakes
  A freezing wraith (D:15)
  3 ice devils
  A tengu conjurer (D:15)
  A queen bee (shapeshifter) (D:15)
  12 trolls
  3 hornets
  2 snapping turtles
  A wolf spider simulacrum (D:13)
  7 tarantellas
  2 polar bears
  27 blink frogs
  Grinder (D:3)
  28 dream sheep
  A meliai zombie (D:10)
  22 slime creatures
  6 jumping spiders (Spider:1)
  2 vampires
  7 culicivoras
  A spriggan (shapeshifter) (D:15)
  A water elemental (Lair:2)
  18 wyverns
  6 basilisks
  A wraith (D:9)
  31 yaks
  A shadow (D:13)
  A fire elemental (D:11)
  A warg (Orc:2)
  5 steam dragons
  12 redbacks (Spider:1)
  3 vampire mosquitoes
  3 acid dragons
  10 water moccasins
  13 orc warriors
  A swamp drake (Lair:4)
  3 sky beasts
  An ice beast (D:6)
  21 ogres
  A black bear (D:3)
  2 laughing skulls (D:14)
  5 boggarts (D:15)
  13 centaurs
  An elf zombie (Ossuary)
  8 kobold brigands
  A weeping skull (Ossuary)
  2 gnoll sergeants
  2 scorpions (D:6)
  A two-headed ogre simulacrum (IceCv)
  11 bullfrogs
  4 wights (D:7)
  2 burial acolytes (Ossuary)
  10 killer bees
  5 howler monkeys
  7 centaur zombies
  A bombardier beetle (D:4)
  5 hounds
  3 jellies
  A human zombie (Ossuary)
  12 orc priests
  4 sleepcaps
  Terence (D:3)
  Natasha (thrice) (D:3)
  An iguana (D:4)
  12 orc wizards
  3 hell rats (Lair:4)
  A polar bear simulacrum (IceCv)
  A troll simulacrum (IceCv)
  2 mummies (Ossuary)
  4 hound zombies (Ossuary)
  Robin (D:4)
  5 gnolls (D:6)
  A naga simulacrum (IceCv)
  8 adders
  A shadow imp (D:7)
  3 white imps
  4 ufetubi
  4 dart slugs
  63 orcs
  8 endoplasms
  A giant cockroach (D:1)
  17 goblins
  13 hobgoblins
  5 jackals
  37 kobolds
  4 quokkas
  3 ball pythons
  6 bats
  2 frilled lizards
  5 gnoll zombies (Ossuary)
  4 orc zombies (Ossuary)
  6 rats
742 creatures vanquished.

Vanquished Creatures (collateral kills)
  A two-headed ogre (D:11)
  A goblin (D:4)
2 creatures vanquished.

Vanquished Creatures (others)
  A black mamba (shapeshifter) (D:13)
  A slime creature (D:14)
  3 dancing weapons
  2 orc wizards
  An orc (D:10)
8 creatures vanquished.

Grand Total: 752 creatures vanquished

Notes
Turn   | Place    | Note
-------+----------+-------------------------------------------
     0 | D:1      | shadowrider38 the Spriggan Enchanter began the quest for
                  | the Orb.
     0 | D:1      | Reached XP level 1. HP: 9/9 MP: 5/5
   356 | D:1      | Reached XP level 2. HP: 14/14 MP: 6/6
   359 | D:1      | Learned a level 2 spell: Ensorcelled Hibernation
   386 | D:1      | Reached skill level 3 in Dodging
   995 | D:1      | Reached skill level 3 in Spellcasting
  1330 | D:1      | Reached XP level 3. HP: 16/17 MP: 5/8
  1755 | D:2      | Found a faded altar of an unknown god.
  1832 | D:2      | Learned a level 3 spell: Tukima's Dance
  3093 | D:3      | Reached XP level 4. HP: 22/22 MP: 4/9
  3249 | D:3      | Noticed Natasha
  3325 | D:2      | Learned a level 3 spell: Confusing Touch
  3355 | D:3      | Killed Natasha
  3376 | D:3      | Noticed Natasha
  3397 | D:3      | Killed Natasha
  3535 | D:3      | Noticed Grinder
  3685 | D:4      | Reached skill level 3 in Short Blades
  3685 | D:4      | Reached XP level 5. HP: 25/25 MP: 10/10
  3702 | D:4      | Found a sand-covered staircase.
  3707 | Ossuary  | Entered an ossuary
  4123 | Ossuary  | Found an ancient bone altar of Kikubaaqudgha.
  4358 | Ossuary  | Reached XP level 6. HP: 28/29 MP: 8/11
  4827 | Ossuary  | Reached XP level 7. HP: 30/33 MP: 8/13
  4867 | Ossuary  | Learned a level 3 spell: Dazzling Flash
  5147 | D:4      | Found Kiyn's Armour Boutique.
  5258 | D:4      | Identified 2 scrolls of acquirement
  5258 | D:4      | Acquired the +3 robe of Clouds {*Thunder rCloud rElec}
  5258 | D:4      | Found the +3 robe of Clouds {*Thunder rCloud rElec}
  5276 | D:4      | Acquired the +1 buckler of Card Tricks {^Contam rElec
                  | Int+3}
  5612 | D:4      | Found Raulixat's CLEARANCE SALE!.
  5616 | D:4      | Noticed Robin
  5882 | D:3      | Reached XP level 8. HP: 39/39 MP: 15/15
  5899 | D:3      | Killed Grinder
  5900 | D:3      | Reached skill level 3 in Fighting
  5921 | D:3      | Noticed Natasha
  5929 | D:3      | Killed Natasha
  6173 | D:3      | Noticed Terence
  6175 | D:3      | Killed Terence
  6176 | D:3      | Reached skill level 3 in Shields
  6413 | D:4      | Killed Robin
  6448 | D:4      | Found a snail-covered altar of Cheibriados.
  6454 | D:4      | Bought a scroll of blinking for 15 gold pieces
  6454 | D:4      | Bought a scroll of teleportation for 6 gold pieces
  6612 | D:5      | Entered Level 5 of the Dungeon
  6764 | D:5      | Found a broken altar of Ashenzari.
  6836 | D:5      | Became a worshipper of Ashenzari the Shackled
  6865 | D:5      | Found Hain's Armour Boutique.
  6871 | D:5      | Found Iffekh Niuwa's General Store.
  7437 | D:6      | Learned a level 3 spell: Mephitic Cloud
  7997 | D:6      | Reached XP level 9. HP: 44/44 MP: 17/17
  8220 | D:6      | Found a glowing silver altar of Zin.
  8332 | D:6      | Reached skill level 9 in Stealth
  8351 | D:6      | Found a staircase to the Ecumenical Temple.
  8388 | D:6      | Found a shimmering blue altar of Sif Muna.
  8534 | D:5      | Bought the +3 crown of Dyrovepreva {rElec Int+2 SInv} for
                  | 496 gold pieces
  8534 | D:5      | Found the +3 crown of Dyrovepreva {rElec Int+2 SInv}
  8887 | D:7      | Found a sacrificial altar of Ru.
  9653 | D:7      | Found an iron altar of Okawaru.
 10583 | D:8      | Noticed a manticore
 10591 | D:8      | Reached skill level 9 in Hexes
 10592 | D:8      | Killed a manticore
 10593 | D:8      | Reached skill level 3 in Evocations
 10593 | D:8      | Reached XP level 10. HP: 49/49 MP: 8/21
 10865 | D:8      | Reached skill level 3 in Conjurations
 11032 | D:8      | Identified the +1 robe of Hyoddi {rC++}
 11372 | D:8      | Found an ancient bone altar of Kikubaaqudgha.
 11516 | D:8      | Reached * piety under Ashenzari
 12095 | D:8      | Found an ancient bone altar of Kikubaaqudgha.
 13041 | D:9      | Found a basalt altar of Yredelemnul.
 13570 | D:9      | Reached ** piety under Ashenzari
 13720 | D:10     | Entered Level 10 of the Dungeon
 14006 | D:10     | Identified the amulet "Febbann" {Acrobat Str+3}
 14013 | D:10     | Found a staircase to the Orcish Mines.
 14435 | D:10     | Reached XP level 11. HP: 55/55 MP: 17/24
 14439 | D:10     | Reached *** piety under Ashenzari
 15151 | D:11     | Noticed a two-headed ogre
 15175 | D:11     | Killed a two-headed ogre
 15246 | D:11     | Reached **** piety under Ashenzari
 15259 | D:11     | Noticed a skeletal warrior
 15420 | D:11     | Found a frozen archway.
 15432 | IceCv    | Entered an ice cave
 15931 | D:11     | Found a staircase to the Lair.
 15993 | D:11     | Noticed a skeletal warrior
 16032 | D:11     | Reached skill level 3 in Alchemy
 16107 | D:11     | Noticed a tengu warrior
 16113 | D:11     | Killed a tengu warrior
 16185 | Lair:1   | Entered Level 1 of the Lair of Beasts
 16206 | Lair:1   | Reached ***** piety under Ashenzari
 16335 | Lair:1   | Noticed Fannar
 16338 | Lair:1   | Killed Fannar
 16425 | Lair:1   | Noticed a death yak
 16427 | Lair:1   | Noticed a death yak
 16428 | Lair:1   | Noticed a death yak
 16428 | Lair:1   | Noticed a death yak
 16489 | Lair:1   | Reached XP level 12. HP: 63/63 MP: 10/28
 16703 | Lair:1   | Reached skill level 9 in Short Blades
 16988 | Lair:1   | Killed a death yak
 17021 | Lair:1   | Killed a death yak
 17256 | Lair:2   | Identified the +8 ring mail "Litaisch" {Will+ Slay+3}
 17385 | Lair:2   | Noticed a catoblepas
 17413 | Lair:2   | Killed a catoblepas
 17790 | Lair:2   | Found a staircase to the Shoals.
 18602 | Lair:3   | Found a hole to the Spider Nest.
 18752 | Lair:3   | Noticed a catoblepas
 18763 | Lair:3   | Killed a catoblepas
 19309 | Lair:3   | Noticed a boulder beetle
 19320 | Lair:3   | Killed a boulder beetle
 19370 | Lair:3   | Learned a level 5 spell: Silence
 19459 | Lair:3   | Reached skill level 15 in Stealth
 19828 | Lair:4   | Reached XP level 13. HP: 60/68 MP: 14/30
 20057 | Lair:4   | Reached skill level 3 in Air Magic
 20851 | Lair:4   | Found a viscous altar of Jiyva.
 20851 | Lair:4   | Found a staircase to the Slime Pits.
 20905 | Lair:4   | Found a runed translucent door.
 20905 | Lair:4   | Found a shimmering altar of Xom.
 20905 | Lair:4   | Noticed Vadun's ghost (journeyman TrBe)
 21283 | Lair:5   | Entered Level 5 of the Lair of Beasts
 22253 | Lair:5   | Noticed a dire elephant
 22279 | Lair:5   | Killed a dire elephant
 22522 | Lair:5   | Reached XP level 14. HP: 69/77 MP: 4/31
 22916 | Lair:5   | Reached skill level 9 in Dodging
 23356 | Lair:5   | Learned a level 7 spell: Enfeeble
 23361 | Lair:5   | Learned a level 4 spell: Cause Fear
 24026 | Lair:1   | Reached skill level 9 in Spellcasting
 25182 | Orc:1    | Entered Level 1 of the Orcish Mines
 25344 | Orc:2    | Entered Level 2 of the Orcish Mines
 25569 | Orc:2    | Found Suirur's General Store.
 25927 | Orc:2    | Noticed a stone giant
 26021 | Orc:2    | Killed a stone giant
 26114 | Orc:2    | Found a staircase to the Elven Halls.
 26344 | Orc:2    | Found Erphuv's Weapon Shoppe.
 26345 | Orc:2    | Found Ejozusod's Magic Scroll Shop.
 26516 | Orc:2    | Found Voageobb's Book Emporium.
 26521 | Orc:2    | Bought a scroll of blinking for 90 gold pieces
 26521 | Orc:2    | Bought a scroll of revelation for 90 gold pieces
 26521 | Orc:2    | Bought a scroll of teleportation for 36 gold pieces
 26521 | Orc:2    | Bought a scroll of teleportation for 36 gold pieces
 26521 | Orc:2    | Bought a scroll of teleportation for 36 gold pieces
 27997 | D:13     | Reached XP level 15. HP: 57/81 MP: 15/33
 28463 | D:13     | Found a gate to the Vaults.
 29360 | D:14     | Reached skill level 15 in Hexes
 30462 | D:15     | Entered Level 15 of the Dungeon
 30571 | D:15     | Found a stormy altar of Qazlal.
 30934 | D:15     | Found a staircase to the Depths.
 31940 | Spider:1 | Entered Level 1 of the Spider Nest
 32149 | Spider:1 | Found a runed translucent door.
 32150 | Spider:1 | Noticed KKCryptic's ghost (adept DjIE)
 32153 | Spider:1 | Noticed Asterion
 32163 | Spider:1 | Killed Asterion
 32857 | Spider:1 | Reached XP level 16. HP: 66/88 MP: 19/36
 33194 | Spider:1 | Identified the serpent talisman of Tenacity {Fly rF- rN+
                  | Str+6}
 33194 | Spider:1 | Noticed Aizul
 33250 | Spider:1 | Killed Aizul
 33810 | Spider:1 | Killed KKCryptic's ghost
 33817 | Spider:1 | Acquired Performing Successful Spellwork
 33823 | Spider:1 | Learned a level 3 spell: Passwall
 34039 | Spider:2 | Slain by a torpor snail

Illustrated notes

Levels and vault maps discovered:
D:1:      matt_arrival_refuge, layout_rooms, serial_curves, eino_curves_01,
          eino_curves_02, hangedman_decor_growths, st_stairs_5,
          serial_bayou_pond_b, skrybe_limestone_x, serial_bayou_pond_a,
          nrook_mini_vaults, minmay_nonomino_d4
D:2:      layout_basic, dilly_ecumenical_altar_fadedgnrine
D:3:      layout_basic, grunt_ministairs_4, wad_floor_pattern_untrapped,
          minmay_misc_feat_four_crosses, uniq_natasha, uniq_terence,
          uniq_grinder
D:4:      layout_rooms, mainiacjoe_overflow_alcove_2, serial_shops,
          nicolae_inconvenience_store, enter_ossuary_2, grunt_ministairs_14,
          nicolae_shop_clearance, uniq_robin
D:5:      layout_rooms, mainiacjoe_overflow_brackets, serial_shops, shop,
          shop_coins, nicolae_elevator_lobby_asterisk
D:6:      layout_loops_cross, zin_treasury, marbit_many_paths,
          minmay_temple_entry_proselytizer, minmay_misc_feat_x
D:7:      layout_loops_corners, okawaru_altar_gauntlet_db,
          nicolae_ru_awakened_eye, minmay_puff
D:8:      minmay_ornate_pinched, layout_cave_pods, old_standard_altar
D:9:      layout_small_grid, lemuel_crystal_altar
D:10:     layout_irregular_city, hiddenorc2_lemuel, serial_undead,
          serial_undead_e, serial_undead_d, serial_undead_e, serial_undead_c,
          chequers_avenue
D:11:     kennysheep_ambush_hall, layout_irregular_city, david_lair_shrubbed,
          portal_ice_cave_demonic_guard, corexii_corridor_pit,
          nicolae_lava_and_water
D:12:     layout_roguey
D:13:     layout_loops_ring, skrybe_vaults_entry_preservation
D:14:     layout_small_grid
D:15:     gammafunk_enter_depths_forms, layout_basic,
          nicolae_qazlal_scattered_showers
Lair:1:   layout_chaotic_city, minivault_23, uniq_fannar
Lair:2:   layout_small_grid, minmay_shoals_entry_hut
Lair:3:   layout_regular_city, spider_nest_entry_web_field
Lair:4:   layout_hall_layers, dpeg_slime_entry_corner, ebering_ghost_xom,
          special_room [special_room_mythical_zoo],
          chequers_serial_rivers_room_b, minmay_holes, guppyfry_lair_drakes
Lair:5:   gammafunk_lair_ancient_temple, layout_misc_corridors,
          grunt_forest_small_clearings, bobbens_ice_dragon_lair
Spider:1: layout_cave_pods, hellmonk_ghost_happy_afterlife, uniq_asterion,
          uniq_aizul
Spider:2: layout_spider_delve, uniq_donald
Orc:1:    layout_caves
Orc:2:    st_orc_open, layout_caves

Skill      XL: |  1  2  3  4  5  6  7  8  9 10 11 12 13 14 15 16 |
---------------+-------------------------------------------------+-----
Dodging        | 3 4 5 6 8 11 12 | 12.8
Spellcasting   | 3 4 5 6 7 8 10 11 | 11.9
Stealth        | 5 6 8 10 12 13 15 17 | 17.8
Hexes          | 4 5 6 8 9 10 11 13 17 | 17.0
Short Blades   | 2 3 4 8 12 13 14 | 14.0
Fighting       | 1 2 3 4 5 7 8 |  8.8
Shields        | 1 4 |  4.2
Evocations     | 3 6 |  6.0
Conjurations   | 2 4 |  4.0
Air Magic      | 2 4 |  4.0
Alchemy        | 3 |  3.8
Earth Magic    | 1 |  1.0

Action                     |  1- 3 |  4- 6 |  7- 9 | 10-12 | 13-15 | 16-18 || total
---------------------------+-------+-------+-------+-------+-------+-------++-------
  Melee: Dagger            |    97 |       |       |   311 |       |       ||   408
         Punch             |     1 |     1 |       |       |       |       ||     2
         Short sword       |     9 |   128 |   262 |     4 |       |       ||   403
         Rapier            |       |       |       |   175 |   893 |    78 ||  1146
   Cast: Ensorcelled Hiber |    30 |     9 |     9 |    13 |     1 |       ||    62
         Confusing Touch   |       |    15 |     8 |    13 |    14 |       ||    50
         Tukima's Dance    |       |       |     9 |     8 |       |       ||    17
         Dazzling Flash    |       |       |    45 |   168 |   318 |    36 ||   567
         Mephitic Cloud    |       |       |       |     3 |     3 |       ||     6
         Enfeeble          |       |       |       |       |    18 |     7 ||    25
         Cause Fear        |       |       |       |       |       |     3 ||     3
 Invoke: Curse Item        |       |       |     1 |     6 |     1 |       ||     8
         Shatter the Chain |       |       |       |       |     1 |       ||     1
    Use: Scroll            |     2 |       |    13 |     4 |     2 |     1 ||    22
         Potion            |       |       |     1 |       |       |       ||     1
   Stab: Sleeping          |    24 |     6 |    27 |    18 |    25 |       ||   100
         Confused          |       |    17 |     7 |     8 |    10 |       ||    42
         Invisible         |       |       |     7 |    66 |   156 |    25 ||   254
         Distracted        |       |       |       |       |     5 |     1 ||     6
         Petrified         |       |       |       |       |     2 |       ||     2
 Armour: Robe              |    33 |    38 |    69 |   120 |   223 |    32 ||   515
  Dodge: Dodged            |    71 |    68 |   189 |   503 |   957 |   160 ||  1948
         Repelled          |       |       |       |     1 |     7 |       ||     8
  Block: Buckler           |       |       |    74 |   203 |   342 |    48 ||   667
